 Dungeon Crawl Stone Soup version 0.29.0-4-gdea44cf6ec (webtiles) character file.

Game seed: 3365189214722173593

6509 qw the Cleaver (level 10, -18/88 HPs)
             Began as a Minotaur Fighter on Sept 6, 2022.
             Was a Follower of Ru.
             Demolished by Urug
             ... wielding a +5 great mace of holy wrath
              (20 damage)
             ... on level 10 of the Dungeon.
             The game lasted 00:04:32 (9957 turns).

qw the Cleaver (Minotaur Fighter)                   Turns: 9957, Time: 00:04:33

Health: -18/88     AC: 16    Str: 31    XL:     10   Next: 69%
Magic:  9/9        EV:  8    Int:  5    God:    Ru [*.....]
Gold:   157        SH:  5    Dex: 10    Spells: 9/9 levels left

rFire   . . .      SeeInvis .   k - +8 hand axe of Bixkeun {venom, rElec rPois}
rCold   . . .      Faith    .   c - +0 buckler
rNeg    + . .      Spirit   .   r - +0 plate armour
rPois   +          Reflect  .   l - +2 hat
rElec   +          Harm     .   (no cloak)
rCorr   .          Rampage  .   (no gloves)
Will    .....                   f - +1 pair of boots
Stlth   ..........              (no amulet)
HPRegen 0.24/turn               e - ring of positive energy
MPRegen 0.11/turn               h - +6 ring of strength

@: about to teleport
A: horns 2, unskilled 1, retaliatory headbutt
a: Renounce Religion


You were on level 10 of the Dungeon.
You worshipped Ru.
Ru was aware of your devotion.
You visited 2 branches of the dungeon, and saw 11 of its levels.

You collected 567 gold pieces.
You spent 410 gold pieces at shops.


Innate Abilities, Weirdness & Mutations

You have a pair of horns on your head.
You are somewhat unskilled. (-1 Apt)
You reflexively headbutt those who attack you in melee.


   Skills:
 - Level 8.0 Fighting
 + Level 14.4 Axes
 - Level 1.2 Throwing
 - Level 6.0 Armour
 - Level 3.2 Dodging
 - Level 5.0 Shields


You had 9 spell levels left.
You didn't know any spells.
Your spell library was empty.

Inventory:

Hand Weapons
 b - a +0 war axe
 k - the +8 hand axe of Bixkeun (weapon) {venom, rElec rPois}
   (You found it on level 2 of the Dungeon)

   It poisons the flesh of those it strikes.
   rElec:     It insulates you from electricity.
   rPois:     It protects you from poison.
 u - a +0 morningstar
Missiles
 q - 6 boomerangs (quivered)
Armour
 c - a +0 buckler (worn)
 f - a +1 pair of boots (worn)
 l - a +2 hat (worn)
 r - a +0 plate armour (worn)
Jewellery
 e - a ring of positive energy (left hand)
 h - a +6 ring of strength (right hand)
 t - a ring of fire
Scrolls
 a - a scroll of identify
 m - 6 scrolls of teleportation
 p - a scroll of amnesia {unknown}
 s - 2 scrolls of enchant weapon
 v - a scroll of brand weapon {unknown}
Potions
 d - a potion of might
 g - a potion of cancellation
 i - 3 potions of heal wounds
 j - 5 potions of curing
 n - a potion of mutation {unknown}
 o - a potion of haste {unknown}

Dungeon Overview and Level Annotations

Branches:
Dungeon (10/15)            Temple (1/1) D:4
   Lair: D:8-11         Orc: D:9-12

Altars:
Ashenzari
Cheibriados
Dithmenos
Elyvilon
Fedhas
Gozag
Hepliaklqana
Kikubaaqudgha
Makhleb
Nemelex Xobeh
Okawaru
Qazlal
Ru
Sif Muna
Trog
Vehumet
Wu Jian
Xom
Yredelemnul
Zin
The Shining One

Shops:
D:8 (:((?

Annotations:
D:2 Natasha
D:4 2 transporters
D:6 2 transporters, qw's ghost, novice BaCK
D:10 Urug


Message History

Press: ? - help, Q - select action Shift-Dir - straight line, f/p - Urug You throw a boomerang.
The boomerang completely misses Urug.
Urug throws a javelin.
The javelin pierces through you but does no damage.
Throw: 6 boomerangs
Press: ? - help, Q - select action Shift-Dir - straight line, f/p - Urug You throw a boomerang.
The boomerang hits Urug.
Urug is lightly wounded.
Throw: 6 boomerangs
Press: ? - help, Q - select action Shift-Dir - straight line, f/p - Urug You throw a boomerang.
The boomerang closely misses Urug.
You closely miss Urug.
Urug screams, "You are already dead."
Urug hits you with a +5 great mace of holy wrath!
You slice Urug!! Your headbutt misses Urug.
Urug is moderately wounded.
You barely miss Urug. You headbutt Urug.
Urug is moderately wounded.
Urug hits you with a +5 great mace of holy wrath!
You miss Urug. Your headbutt misses Urug.
Urug is moderately wounded.
You closely miss Urug. Your headbutt misses Urug.
Urug is moderately wounded.
Urug hits you with a +5 great mace of holy wrath!
You closely miss Urug. You headbutt Urug, but do no damage.
Urug is moderately wounded.
Urug hits you but does no damage.
You closely miss Urug. Your headbutt misses Urug.
Urug is moderately wounded.
You hit Urug.
Urug is poisoned.
Urug is heavily wounded.
Urug hits you with a +5 great mace of holy wrath!!
You slash Urug!
Urug looks as sick as possible!
Urug is severely wounded.
Urug hits you with a +5 great mace of holy wrath!!
9957 ||| READING 7 scrolls of teleportation.
As you read the scroll of teleportation, it crumbles to dust.
You feel strangely unstable.
Urug hits you with a +5 great mace of holy wrath!!
You die...

........#####'###.#....#.....
.............#....#.....
.............###'##.....
........................
......................##
..............#####...#
..............# #...#
........#####.# #...#
#######@+ #.# #...# #o# #.#
#...# #.+ #.# #...# #.# #.#
#.... #.# #.# #.# #.# #..


You could see Urug (extremely poisoned).

Vanquished Creatures
  Grinder (D:3)
  A shadow (D:9)
  A wraith (D:9)
  Eustachio (D:4)
  17 yaks
  2 water moccasins
  3 orc warriors
  3 ice beasts (D:6)
  An ogre (D:6)
  A centaur (D:8)
  A phantom (D:7)
  3 necrophages
  A kobold brigand (D:6)
  2 bullfrogs
  11 killer bees (D:9)
  14 howler monkeys
  5 hounds
  2 orc priests
  2 gnoll boudas (D:7)
  4 jellies
  Jessica (D:2)
  Ijyb (D:4)
  9 orc wizards
  Natasha (D:2)
  18 gnolls
  9 adders
  2 shadow imps
  4 worms
  4 dart slugs
  23 orcs
  8 bats
  9 endoplasms
  2 giant cockroaches (D:3)
  7 goblins
  8 hobgoblins
  6 jackals
  A quokka (D:3)
  9 ball pythons
  5 frilled lizards
  6 kobolds
  3 rats
212 creatures vanquished.

Notes
Turn   | Place    | Note
-------+----------+-------------------------------------------
     0 | D:1      | qw the Minotaur Fighter began the quest for the Orb.
     0 | D:1      | Reached XP level 1. HP: 19/19 MP: 0/0
     0 | D:1      | 0 ||| qw: Version: 0.1-a-108-g9e35731
     0 | D:1      | 0 ||| qw: Game counter: 6377
     0 | D:1      | 0 ||| qw: Always use a shield: true
     0 | D:1      | 0 ||| qw: God list: Ru
     0 | D:1      | 0 ||| qw: Allow faded altars: false
     0 | D:1      | 0 ||| qw: Do Orc after D:15 true
     0 | D:1      | 0 ||| qw: Do second Lair branch before Depths: true
     0 | D:1      | 0 ||| qw: Lair rune preference: random
     0 | D:1      | 0 ||| qw: Plans: Normal
     0 | D:1      | 0 ||| PLANNING D:1-11
   148 | D:1      | Reached skill level 3 in Axes
   181 | D:1      | Found a faded altar of an unknown god.
   191 | D:1      | Reached XP level 2. HP: 24/26 MP: 1/1
   610 | D:1      | 610 ||| Stepping ~*~*~tactically~*~*~ (hiding).
   740 | D:1      | Reached skill level 4 in Axes
   826 | D:1      | 826 ||| Stepping ~*~*~tactically~*~*~ (stealth).
   827 | D:1      | 827 ||| Stepping ~*~*~tactically~*~*~ (stealth).
   836 | D:1      | Reached XP level 3. HP: 31/31 MP: 2/2
  1055 | D:1      | 1055 ||| UPGRADING to +0 pair of boots.
  1060 | D:1      | 1060 ||| UPGRADING to +0 chain mail.
  1070 | D:1      | 1070 ||| DROPPING +0 scale mail.
  1071 | D:1      | 1071 ||| UPGRADING to +1 hat.
  1076 | D:1      | 1076 ||| READING 2 scrolls labelled MAOTATS JOIZE.
  1077 | D:1      | 1077 ||| READING scroll labelled TUDICV KIAKINY.
  1078 | D:1      | 1078 ||| READING scroll labelled GUJIPEAVOI.
  1172 | D:2      | Noticed Jessica
  1173 | D:2      | 1173 ||| Stepping ~*~*~tactically~*~*~ (hiding).
  1178 | D:2      | Killed Jessica
  1179 | D:2      | Reached skill level 5 in Axes
  1213 | D:2      | 1213 ||| Stepping ~*~*~tactically~*~*~ (stealth).
  1233 | D:2      | Noticed Natasha
  1242 | D:2      | Killed Natasha
  1243 | D:2      | Reached XP level 4. HP: 35/39 MP: 3/3
  1272 | D:2      | Identified the +5 robe "Tebyskoz" {SInv}
  1333 | D:2      | Identified the +8 hand axe of Bixkeun {venom, rElec rPois}
  1335 | D:2      | 1335 ||| SWAPPING to +8 hand axe of Bixkeun {venom, rElec
                  | rPois}.
  1711 | D:2      | 1711 ||| Stepping ~*~*~tactically~*~*~ (hiding).
  1726 | D:2      | Noticed Natasha
  1727 | D:2      | 1727 ||| Stepping ~*~*~tactically~*~*~ (stealth).
  1733 | D:2      | 1733 ||| Stepping ~*~*~tactically~*~*~ (stealth).
  1793 | D:2      | 1793 ||| READING scroll labelled CAYGUO FULU.
  1798 | D:2      | 1798 ||| READING scroll labelled CAHOVE ONURA.
  1799 | D:2      | 1799 ||| READING 3 scrolls of identify.
  1799 | D:2      | 1799 ||| IDENTIFYING green potion
  1800 | D:2      | 1800 ||| READING 2 scrolls of identify.
  1800 | D:2      | 1800 ||| IDENTIFYING sedimented blue potion
  1867 | D:3      | Reached skill level 6 in Axes
  1903 | D:3      | 1903 ||| READING 2 scrolls of identify.
  1903 | D:3      | 1903 ||| IDENTIFYING glowing coppery potion
  1904 | D:3      | 1904 ||| DROPPING potion of attraction.
  1905 | D:3      | 1905 ||| Stepping randomly (stuck).
  1906 | D:3      | 1906 ||| Stepping randomly (stuck).
  1907 | D:3      | 1907 ||| Stepping randomly (stuck).
  1908 | D:3      | 1908 ||| Stepping randomly (stuck).
  1909 | D:3      | 1909 ||| Stepping randomly (stuck).
  1910 | D:3      | 1910 ||| Stepping randomly (stuck).
  1911 | D:3      | 1911 ||| Stepping randomly (stuck).
  1912 | D:3      | 1912 ||| Stepping randomly (stuck).
  1913 | D:3      | 1913 ||| Stepping randomly (stuck).
  1914 | D:3      | 1914 ||| Stepping randomly (stuck).
  1915 | D:3      | 1915 ||| Stepping randomly (stuck).
  1916 | D:3      | 1916 ||| Stepping randomly (stuck).
  1917 | D:3      | 1917 ||| Stepping randomly (stuck).
  1919 | D:3      | 1919 ||| Stepping randomly (stuck).
  1921 | D:3      | 1921 ||| Stepping randomly (stuck).
  1922 | D:3      | 1922 ||| Stepping randomly (stuck).
  1923 | D:3      | 1923 ||| Stepping randomly (stuck).
  1924 | D:3      | 1924 ||| Stepping randomly (stuck).
  1925 | D:3      | 1925 ||| Stepping randomly (stuck).
  1926 | D:3      | 1926 ||| Stepping randomly (stuck).
  1927 | D:3      | 1927 ||| Stepping randomly (stuck).
  1928 | D:3      | 1928 ||| Stepping randomly (stuck).
  1929 | D:3      | 1929 ||| Stepping randomly (stuck).
  1930 | D:3      | 1930 ||| Stepping randomly (stuck).
  1931 | D:3      | 1931 ||| Stepping randomly (stuck).
  1932 | D:3      | 1932 ||| Stepping randomly (stuck).
  1933 | D:3      | 1933 ||| Stepping randomly (stuck).
  1934 | D:3      | 1934 ||| Stepping randomly (stuck).
  1935 | D:3      | 1935 ||| Stepping randomly (stuck).
  1936 | D:3      | 1936 ||| Stepping randomly (stuck).
  1937 | D:3      | 1937 ||| Stepping randomly (stuck).
  1946 | D:3      | 1946 ||| Stepping randomly (stuck).
  1947 | D:3      | 1947 ||| Stepping randomly (stuck).
  1948 | D:3      | 1948 ||| Stepping randomly (stuck).
  1949 | D:3      | 1949 ||| Stepping randomly (stuck).
  1950 | D:3      | 1950 ||| Stepping randomly (stuck).
  1951 | D:3      | 1951 ||| Stepping randomly (stuck).
  1952 | D:3      | 1952 ||| Stepping randomly (stuck).
  1953 | D:3      | 1953 ||| Stepping randomly (stuck).
  1954 | D:3      | 1954 ||| Stepping randomly (stuck).
  1955 | D:3      | 1955 ||| Stepping randomly (stuck).
  1956 | D:3      | 1956 ||| Stepping randomly (stuck).
  1957 | D:3      | 1957 ||| Stepping randomly (stuck).
  1958 | D:3      | 1958 ||| Stepping randomly (stuck).
  1959 | D:3      | 1959 ||| Stepping randomly (stuck).
  1960 | D:3      | 1960 ||| Stepping randomly (stuck).
  1961 | D:3      | 1961 ||| Stepping randomly (stuck).
  1962 | D:3      | 1962 ||| Stepping randomly (stuck).
  1963 | D:3      | 1963 ||| Stepping randomly (stuck).
  1964 | D:3      | 1964 ||| Stepping randomly (stuck).
  1965 | D:3      | 1965 ||| Stepping randomly (stuck).
  1966 | D:3      | 1966 ||| Stepping randomly (stuck).
  1967 | D:3      | 1967 ||| Stepping randomly (stuck).
  1968 | D:3      | 1968 ||| Stepping randomly (stuck).
  1969 | D:3      | 1969 ||| Stepping randomly (stuck).
  1970 | D:3      | 1970 ||| Stepping randomly (stuck).
  1971 | D:3      | 1971 ||| Stepping randomly (stuck).
  1972 | D:3      | 1972 ||| Stepping randomly (stuck).
  1973 | D:3      | 1973 ||| Stepping randomly (stuck).
  1974 | D:3      | 1974 ||| Stepping randomly (stuck).
  1975 | D:3      | 1975 ||| Stepping randomly (stuck).
  1976 | D:3      | 1976 ||| Stepping randomly (stuck).
  1977 | D:3      | 1977 ||| Stepping randomly (stuck).
  1978 | D:3      | 1978 ||| Stepping randomly (stuck).
  1979 | D:3      | 1979 ||| Stepping randomly (stuck).
  1980 | D:3      | 1980 ||| Stepping randomly (stuck).
  1981 | D:3      | 1981 ||| Stepping randomly (stuck).
  1983 | D:3      | 1983 ||| Stepping randomly (stuck).
  1984 | D:3      | 1984 ||| Stepping randomly (stuck).
  1985 | D:3      | 1985 ||| Stepping randomly (stuck).
  1986 | D:3      | 1986 ||| Stepping randomly (stuck).
  1988 | D:3      | 1988 ||| Stepping randomly (stuck).
  1989 | D:3      | 1989 ||| Stepping randomly (stuck).
  1990 | D:3      | 1990 ||| Stepping randomly (stuck).
  1991 | D:3      | 1991 ||| Stepping randomly (stuck).
  1992 | D:3      | 1992 ||| Stepping randomly (stuck).
  1993 | D:3      | 1993 ||| Stepping randomly (stuck).
  1994 | D:3      | 1994 ||| Stepping randomly (stuck).
  1995 | D:3      | 1995 ||| Stepping randomly (stuck).
  1997 | D:3      | 1997 ||| Stepping ~*~*~tactically~*~*~ (hiding).
  2004 | D:3      | Reached skill level 1 in Dodging
  2051 | D:3      | Noticed Grinder
  2057 | D:3      | Found a broken altar of Ashenzari.
  2060 | D:3      | Killed Grinder
  2061 | D:3      | Reached skill level 7 in Axes
  2061 | D:3      | Reached XP level 5. HP: 30/45 MP: 4/4
  2061 | D:3      | Reached XP level 6. HP: 34/51 MP: 5/5
  2178 | D:3      | Found a shimmering blue altar of Sif Muna.
  2297 | D:3      | 2297 ||| Stepping ~*~*~tactically~*~*~ (hiding).
  2383 | D:3      | 2383 ||| DROPPING +0 club.
  2639 | D:3      | Reached skill level 8 in Axes
  2863 | D:3      | 2863 ||| READING 2 scrolls labelled VUAKIO XIRCH.
  2864 | D:3      | 2864 ||| READING scroll labelled ORAOSOFYCHOI.
  2865 | D:3      | 2865 ||| DROPPING scroll of magic mapping.
  3010 | D:4      | 3010 ||| Stepping ~*~*~tactically~*~*~ (hiding).
  3018 | D:4      | 3018 ||| DRINKING 2 potions of curing.
  3018 | D:4      | 3018 ||| (to cure confusion)
  3108 | D:4      | Found a transporter.
  3215 | D:4      | Found a transporter.
  3218 | D:4      | Noticed Eustachio
  3233 | D:4      | Killed Eustachio
  3234 | D:4      | Reached skill level 9 in Axes
  3234 | D:4      | Reached XP level 7. HP: 54/59 MP: 6/6
  3347 | D:4      | Found a shimmering altar of Xom.
  3380 | D:4      | Noticed Ijyb
  3381 | D:4      | Found a shimmering altar of Xom.
  3387 | D:4      | Killed Ijyb
  3471 | D:4      | Found a shimmering altar of Xom.
  3472 | D:4      | Found a shimmering altar of Xom.
  3474 | D:4      | Found a shimmering altar of Xom.
  3628 | D:4      | 3628 ||| Stepping ~*~*~tactically~*~*~ (stealth).
  3808 | D:4      | Found a staircase to the Ecumenical Temple.
  3809 | D:4      | 3809 ||| PLANNING TEMPLE
  3809 | D:4      | 3809 ||| READING 3 scrolls labelled ECLO WAUJIDO.
  3810 | D:4      | 3810 ||| READING scroll labelled XOQOXYESCHU.
  3811 | D:4      | 3811 ||| DROPPING 2 scrolls of vulnerability.
  3815 | Temple   | Entered the Ecumenical Temple
  3990 | Temple   | 3990 ||| PLANNING D:1-11
  4071 | D:5      | Entered Level 5 of the Dungeon
  4256 | D:5      | 4256 ||| Stepping ~*~*~tactically~*~*~ (stealth).
  4507 | D:5      | 4507 ||| Stepping ~*~*~tactically~*~*~ (hiding).
  4739 | D:5      | 4739 ||| UPGRADING to +0 plate armour.
  4749 | D:5      | 4749 ||| DROPPING +0 chain mail.
  4750 | D:5      | 4750 ||| READING 2 scrolls labelled OGEGIO CEDWIEK.
  4751 | D:5      | 4751 ||| READING scroll labelled ILYOSI YMMIY.
  4752 | D:5      | 4752 ||| READING 2 scrolls of identify.
  4752 | D:5      | 4752 ||| IDENTIFYING lumpy ruby potion
  4753 | D:5      | 4753 ||| DROPPING potion of flight.
  4754 | D:5      | 4754 ||| DROPPING scroll of fog.
  4869 | D:6      | Reached skill level 10 in Axes
  4913 | D:6      | Found a transporter.
  4914 | D:6      | Found a transporter.
  4927 | D:6      | Reached XP level 8. HP: 69/69 MP: 7/7
  4952 | D:6      | Reached skill level 6 in Fighting
  4954 | D:6      | 4954 ||| Stepping ~*~*~tactically~*~*~ (stealth).
  4970 | D:6      | Reached skill level 11 in Axes
  5502 | D:6      | 5502 ||| Stepping ~*~*~tactically~*~*~ (stealth).
  5530 | D:6      | 5530 ||| Stepping ~*~*~tactically~*~*~ (stealth).
  5695 | D:6      | 5695 ||| Stepping ~*~*~tactically~*~*~ (hiding).
  5709 | D:6      | Reached skill level 12 in Axes
  5709 | D:6      | Reached XP level 9. HP: 28/78 MP: 8/8
  5964 | D:6      | Noticed qw's ghost (novice BaCK)
  5993 | D:6      | 5993 ||| Stepping ~*~*~tactically~*~*~ (stealth).
  5994 | D:6      | 5994 ||| Stepping ~*~*~tactically~*~*~ (stealth).
  5999 | D:6      | Reached skill level 1 in Throwing
  6098 | D:6      | 6098 ||| READING scroll labelled OTUUH RAICHU.
  6099 | D:6      | 6099 ||| READING 3 scrolls of identify.
  6099 | D:6      | 6099 ||| IDENTIFYING cyan potion
  6100 | D:6      | 6100 ||| READING 2 scrolls of identify.
  6100 | D:6      | 6100 ||| IDENTIFYING fizzy green potion
  6101 | D:6      | 6101 ||| DROPPING potion of brilliance.
  6328 | D:7      | 6328 ||| Stepping ~*~*~tactically~*~*~ (stealth).
  6342 | D:7      | Reached skill level 6 in Armour
  6404 | D:7      | Found a snail-covered altar of Cheibriados.
  6432 | D:7      | 6432 ||| Stepping ~*~*~tactically~*~*~ (hiding).
  6433 | D:7      | 6433 ||| Stepping ~*~*~tactically~*~*~ (hiding).
  6538 | D:7      | Reached skill level 13 in Axes
  6671 | D:7      | 6671 ||| FLEEEEING.
  6672 | D:7      | 6672 ||| STAIRDANCE
  6774 | D:6      | 6774 ||| UPGRADING to ring of positive energy.
  6775 | D:6      | 6775 ||| READING scroll labelled MUIQIG PASYEMITU.
  6879 | D:7      | 6879 ||| STAIRDANCE
  7218 | D:7      | 7218 ||| READING 2 scrolls of identify.
  7218 | D:7      | 7218 ||| IDENTIFYING fizzy inky potion
  7219 | D:7      | 7219 ||| DROPPING potion of magic.
  7262 | D:8      | Found Buem's Antique Weapon Emporium.
  7528 | D:8      | Found a sacrificial altar of Ru.
  7531 | D:8      | Became a worshipper of Ru the Awakened
  7633 | D:8      | 7633 ||| Stepping ~*~*~tactically~*~*~ (hiding).
  7634 | D:8      | 7634 ||| Stepping ~*~*~tactically~*~*~ (hiding).
  7823 | D:8      | Found Piwkoa's Magic Scroll Shop.
  7833 | D:8      | 7833 ||| BUYING scroll of enchant armour (105 gold).
  7833 | D:8      | Bought a scroll of enchant armour for 105 gold pieces
  7833 | D:8      | 7833 ||| BUYING scroll of enchant weapon (105 gold).
  7833 | D:8      | Bought a scroll of enchant weapon for 105 gold pieces
  7833 | D:8      | 7833 ||| BUYING scroll of identify (28 gold).
  7833 | D:8      | Bought a scroll of identify for 28 gold pieces
  7833 | D:8      | 7833 ||| BUYING scroll of identify (28 gold).
  7833 | D:8      | Bought a scroll of identify for 28 gold pieces
  7833 | D:8      | 7833 ||| BUYING scroll of teleportation (42 gold).
  7833 | D:8      | Bought a scroll of teleportation for 42 gold pieces
  7833 | D:8      | 7833 ||| BUYING scroll of teleportation (42 gold).
  7833 | D:8      | Bought a scroll of teleportation for 42 gold pieces
  7833 | D:8      | 7833 ||| READING scroll of enchant armour.
  7833 | D:8      | 7833 ||| ENCHANTING +1 hat.
  7916 | D:8      | Found Jocri's Antique Weapon Shoppe.
  7936 | D:8      | Found Bytump's Weapon Shop.
  7939 | D:8      | 7939 ||| BUYING +0 morningstar (60 gold).
  7939 | D:8      | Bought a +0 morningstar for 60 gold pieces
  7939 | D:8      | 7939 ||| DROPPING +0 flail.
  8179 | D:8      | Found Ymangai's Book Shoppe.
  8235 | D:8      | 8235 ||| READING 3 scrolls of identify.
  8235 | D:8      | 8235 ||| IDENTIFYING smoky white potion
  8236 | D:8      | 8236 ||| READING 2 scrolls of identify.
  8236 | D:8      | 8236 ||| IDENTIFYING bubbling white potion
  8237 | D:8      | 8237 ||| DROPPING potion of lignification.
  8238 | D:8      | 8238 ||| DROPPING potion of degeneration.
  8480 | D:9      | Reached skill level 14 in Axes
  8488 | D:9      | 8488 ||| READING scroll of enchant armour.
  8488 | D:9      | 8488 ||| ENCHANTING +0 pair of boots.
  8519 | D:9      | 8519 ||| Stepping ~*~*~tactically~*~*~ (stealth).
  8528 | D:9      | Reached XP level 10. HP: 77/88 MP: 9/9
  8596 | D:9      | 8596 ||| INVOKING Sacrifice Skill.
  8596 | D:9      | Gained mutation: You are somewhat unskilled. (-1 Apt) [Ru
                  | sacrifice]
  8596 | D:9      | Reduced skill Axes to level 12
  8596 | D:9      | Reduced skill Dodging to level 1
  8596 | D:9      | Reached * piety under Ru
  8611 | D:9      | 8611 ||| Stepping ~*~*~tactically~*~*~ (stealth).
  8620 | D:9      | 8620 ||| Stepping ~*~*~tactically~*~*~ (stealth).
  8635 | D:9      | 8635 ||| Stepping ~*~*~tactically~*~*~ (hiding).
  8643 | D:9      | 8643 ||| Stepping ~*~*~tactically~*~*~ (stealth).
  8647 | D:9      | Reached skill level 6 in Armour
  8663 | D:9      | Reached skill level 13 in Axes
  8790 | D:9      | Found a glowing golden altar of the Shining One.
  8881 | D:9      | Found an iron altar of Okawaru.
  8894 | D:9      | Found a shadowy altar of Dithmenos.
  8896 | D:9      | Found an ornate altar of the Wu Jian Council.
  8978 | D:9      | 8978 ||| Stepping ~*~*~tactically~*~*~ (stealth).
  9028 | D:9      | 9028 ||| Stepping ~*~*~tactically~*~*~ (hiding).
  9196 | D:9      | 9196 ||| Stepping ~*~*~tactically~*~*~ (hiding).
  9461 | D:9      | 9461 ||| UPGRADING to +6 ring of strength.
  9465 | D:10     | Entered Level 10 of the Dungeon
  9471 | D:10     | 9471 ||| Stepping ~*~*~tactically~*~*~ (hiding).
  9496 | D:10     | 9496 ||| Stepping ~*~*~tactically~*~*~ (stealth).
  9500 | D:10     | 9500 ||| Stepping ~*~*~tactically~*~*~ (stealth).
  9501 | D:10     | 9501 ||| Stepping ~*~*~tactically~*~*~ (stealth).
  9507 | D:10     | 9507 ||| Stepping ~*~*~tactically~*~*~ (stealth).
  9508 | D:10     | 9508 ||| Stepping ~*~*~tactically~*~*~ (stealth).
  9601 | D:10     | 9601 ||| Stepping ~*~*~tactically~*~*~ (stealth).
  9604 | D:10     | 9604 ||| Stepping ~*~*~tactically~*~*~ (stealth).
  9652 | D:10     | 9652 ||| Stepping ~*~*~tactically~*~*~ (stealth).
  9664 | D:10     | Reached skill level 14 in Axes
  9723 | D:10     | Found a blossoming altar of Fedhas.
  9738 | D:10     | 9738 ||| Stepping ~*~*~tactically~*~*~ (stealth).
  9741 | D:10     | 9741 ||| Stepping ~*~*~tactically~*~*~ (stealth).
  9753 | D:10     | Reached skill level 3 in Dodging
  9942 | D:10     | Noticed Urug
  9956 | D:10     | HP: 2/88 [Urug/+5 great mace of holy wrath (23)]
  9957 | D:10     | 9957 ||| READING 7 scrolls of teleportation.
  9957 | D:10     | Demolished by Urug

Levels and vault maps discovered:
D:1:      minmay_arrival_checkered_box, layout_loops_ring,
          hellmonk_ecumenical_altar_pennies_from_heaven
D:2:      layout_basic, minmay_misc_feat_columns, uniq_jessica, uniq_natasha
D:3:      layout_basic, nicolae_sif_muna_condensation, ashenzari_altar_1,
          minmay_checkerbox, uniq_grinder
D:4:      gammafunk_steamed_eel, layout_basic, xom_redecorated,
          temple_hall_moat, kennysheep_minor_cross, uniq_ijyb, uniq_eustachio
D:5:      layout_loops_cross
D:6:      layout_basic, gammafunk_ghost_smash
D:7:      layout_basic, mainiacjoe_overflow_24_doors
D:8:      layout_gridville, hangedman_ru_absence, serial_shops,
          nicolae_shop_behind_doors, kennysheep_little_box,
          nicolae_shop_waterfront, nicolae_stop_n_shop_2, shop
D:9:      layout_stronghold, tso_metal_star, mainiacjoe_overflow_alcove_2,
          grunt_dithmenos_smoke, nzn_wu_jian_contemplation, grunt_ministairs_15
D:10:     layout_irregular_city, mainiacjoe_overflow_brackets,
          nicolae_uskayaw_dance_hall, erik_lair_dragon,
          amcnicky_mini_pool_small, uniq_urug, uniq_maurice
Temple:   nicolae_temple_bog_church

Skill      XL: |  1  2  3  4  5  6  7  8  9 10 |
---------------+-------------------------------+-----
Axes           | 3 4 5 7 9 10 12 14 14 | 14.4
Dodging        | 1 2 3 |  3.2
Fighting       | 4 5 6 8 8 |  8.0
Armour         | 4 5 6 6 |  6.0
Shields        | 4 5 5 |  5.0
Throwing       | 1 |  1.2

Action                   |  1- 3 |  4- 6 |  7- 9 | 10-12 || total
-------------------------+-------+-------+-------+-------++-------
Melee: War axe           |    71 |     4 |       |       ||    75
       Headbutt          |     4 |    14 |    34 |    33 ||    85
       Hand axe          |       |    92 |   220 |   131 ||   443
Throw: Boomerang         |       |       |    11 |    33 ||    44
Invok: Sacrifice Skill   |       |       |       |     1 ||     1
  Use: Scroll            |     3 |     7 |    14 |     1 ||    25
       Potion            |       |     1 |       |       ||     1
Armor: Scale mail        |    23 |       |       |       ||    23
       Chain mail        |    11 |    26 |     8 |       ||    45
       Plate armour      |       |       |    72 |    33 ||   105
Dodge: Dodged            |    18 |    15 |    40 |    18 ||    91
Block: Buckler           |    13 |    13 |    33 |    22 ||    81

Table legend:
 A = Non-vault XP
 B = Vault XP
 C = Vault XP percentage of total XP
 D = Non-vault monster count
 E = Vault monster count
 F = Vault count percentage of total count
                 A         B        C        D         E       F
            +---------+---------+-------+---------+---------+-------
      Total |    8313 |     986 |  10.6 |     194 |      18 |   8.5
            +---------+---------+-------+---------+---------+-------
        D:1 |      45 |       0 |   0.0 |      26 |       0 |   0.0
        D:2 |      28 |      72 |  72.0 |      12 |       2 |  14.3
        D:3 |     114 |     279 |  71.0 |      25 |       5 |  16.7
        D:4 |     134 |     238 |  64.0 |      18 |       2 |  10.0
        D:5 |     198 |       0 |   0.0 |      11 |       0 |   0.0
        D:6 |    1975 |       0 |   0.0 |      27 |       0 |   0.0
        D:7 |    1604 |       0 |   0.0 |      27 |       0 |   0.0
        D:8 |     513 |       0 |   0.0 |      13 |       0 |   0.0
        D:9 |    1249 |     397 |  24.1 |      16 |       9 |  36.0
       D:10 |    2453 |       0 |   0.0 |      19 |       0 |   0.0
            +---------+---------+-------+---------+---------+-------
